 Dungeon Crawl Stone Soup version 0.29-a0-717-g6dac4ea423 (webtiles) character file.

Game seed: 16210551911706437860

56 crusatyr the Slasher (level 3, 0/29 HPs)
             Began as a Demonspawn Monk on June 27, 2022.
             Slain by Terence
             ... wielding a +0 falchion
              (4 damage)
             ... on level 2 of the Dungeon.
             The game lasted 00:02:56 (2557 turns).

crusatyr the Slasher (Demonspawn Monk)              Turns: 2557, Time: 00:02:56

Health: 0/29       AC:  5    Str: 13    XL:     3   Next: 71%
Magic:  3/3        EV: 12    Int: 11    God:
Gold:   60         SH:  0    Dex: 15    Spells: 2/2 levels left

rFire   . . .      SeeInvis .   a - +0 falchion
rCold   . . .      Faith    .   (no shield)
rNeg    . . .      Spirit   .   n - +0 leather armour
rPois   .          Reflect  .   m - +1 hat
rElec   .          Harm     .   (no cloak)
rCorr   .          Rampage  .   (no gloves)
Will    .....                   b - +0 pair of boots
Stlth   ++........              (no amulet)
HPRegen 0.09/turn               (no ring)
MPRegen 0.08/turn               (no ring)

@: mighty
A: powered by pain 1
a: no special abilities


You were on level 2 of the Dungeon.
You visited 1 branch of the dungeon, and saw 2 of its levels.

You collected 60 gold pieces.

Inventory:

Hand Weapons
 a - a +0 falchion (weapon)
Missiles
 h - 3 boomerangs (quivered)
Armour
 b - a +0 pair of boots (worn)
 m - a +1 hat (worn)
 n - a +0 leather armour (worn)
Jewellery
 j - a ring of wizardry
 q - a ring of magical power
Scrolls
 d - a scroll of noise {unknown}
 e - 4 scrolls of identify {unknown}
 g - 2 scrolls of immolation {unknown}
 k - a scroll of silence {unknown}
 l - a scroll of amnesia {unknown}
 p - a scroll of summoning {unknown}
Potions
 c - a potion of ambrosia
 f - a potion of curing {unknown}
 i - a potion of heal wounds {unknown}
 o - a potion of lignification {unknown}


   Skills:
 - Level 3.0 Fighting
 + Level 4.3 Long Blades
 - Level 2.6 Dodging
 - Level 1.7 Stealth


You had 2 spell levels left.
You didn't know any spells.
Your spell library contained the following spells:

 Spells                   Type           Power      Damage    Failure   Level
 Gell's Gravitas          Tloc           0%         N/A       80%         3
 Lesser Beckoning         Tloc           0%         N/A       80%         3
 Teleport Other           Tloc           0%         N/A       80%         3


Dungeon Overview and Level Annotations

Branches:
Dungeon (2/15)

Altars:

Annotations:
D:2 Jessica, Terence


Innate Abilities, Weirdness & Mutations

You sometimes gain a little power by taking damage.


Message History

You are no longer poisoned.
Key pressed, stopping explore.
p - a scroll labelled FEESSILALL You now have 60 gold pieces (gained 5).
q - a ring of magical power
Found a leather armour.
You see here a +0 leather armour.
Terence the Incautious comes into view.
He is wielding a +0 falchion.
Found a mace.
Found a sling.
A bat comes into view.
Found 2 stones.
The bat barely misses you.
You closely miss the bat. The bat closely misses you.
You closely miss Terence. Terence completely misses you.
You hit Terence but do no damage.
Terence asks, "Do you want it fast or slow?"
Terence hits you with a +0 falchion!
You focus on the pain.
You feel very mighty all of a sudden.
You slash Terence!
Terence is heavily wounded.
Terence hits you with a +0 falchion.
You closely miss Terence.
Terence is heavily wounded.
Terence hits you but does no damage.
You barely miss Terence.
Terence is heavily wounded.
Terence hits you with a +0 falchion. x2
* * * LOW HITPOINT WARNING * * *
You hit Terence but do no damage.
Terence is heavily wounded.
Terence misses you.
You hit Terence.
Terence is almost dead.
Terence hits you with a +0 falchion.
* * * LOW HITPOINT WARNING * * *
You hit Terence.
Terence is almost dead.
Terence hits you with a +0 falchion.
You die...

.[.#....#
##...#...>....).....#..
#..)#...#
##..##.....##.....##..
#####.###
.........##########..
[.....## ..........#
#$.
#......####..........#
#.. .....#....# ..) #..
#########.### #.#
#...####.# ###.....@#
########## #####@##
..........
#b...b(.....@.....S
....@..............
....................
#............?.......
#.................<.#
#.................g.#
#..............######


You could see Terence and a bat.

Vanquished Creatures
  2 adders (D:2)
  6 bats
  5 endoplasms
  3 goblins (D:1)
  4 hobgoblins (D:1)
  3 kobolds (D:1)
  A quokka (D:2)
  3 ball pythons
  5 frilled lizards
  5 rats
37 creatures vanquished.

Notes
Turn   | Place    | Note
-------+----------+-------------------------------------------
     0 | D:1      | crusatyr the Demonspawn Monk began the quest for the Orb.
     0 | D:1      | Reached XP level 1. HP: 18/18 MP: 1/1
   296 | D:1      | Reached skill level 3 in Long Blades
   399 | D:1      | Gained mutation: You sometimes gain a little power by
                  | taking damage. [demonic ancestry]
   399 | D:1      | Reached XP level 2. HP: 18/24 MP: 2/2
   842 | D:1      | You fall into a shaft and drop 1 floor!
  1781 | D:2      | Noticed Jessica
  1887 | D:2      | Reached XP level 3. HP: 23/29 MP: 3/3
  2191 | D:2      | Reached skill level 4 in Long Blades
  2531 | D:2      | Noticed Terence
  2557 | D:2      | Slain by Terence

Illustrated notes

Levels and vault maps discovered:
D:1:      giann_wishing_wells, layout_basic, hex_large
D:2:      layout_rooms, amcnicky_mini_rare_corridor_liquid, minmay_distorted,
          uniq_jessica, uniq_terence, uniq_crazy_yiuf_cottage

Skill      XL: |  1  2  3 |
---------------+----------+-----
Long Blades    | 3 4 |  4.3
Fighting       | |  3.0
Dodging        | |  2.6
Stealth        | |  1.7

Action                   || total
-------------------------++-------
Melee: Falchion          ||   126
 Stab: Sleeping          ||     5
Armor: Robe              ||    50
       Leather armour    ||     7
Dodge: Dodged            ||   110

Table legend: (Time is in decaauts)
 A = Elapsed time spent in this place.
 B = Non-inter-level travel time spent in this place.
 C = Inter-level travel time spent in this place.
 D = Time resting spent in this place.
 E = Time spent auto-exploring this place.
 F = Levels seen in this place.
 G = Mean time per level.
                   A        B        C        D        E       F      G
               +--------+--------+--------+--------+--------+-----+--------+
         Total |   2572 |   2426 |    146 |    422 |   1604 |   2 | 1286.0 |
       Dungeon |   2572 |   2426 |    146 |    422 |   1604 |   2 | 1286.0 |
               +--------+--------+--------+--------+--------+-----+--------+

Top non-repeatable levels by time:
     D:1: 1869 daAuts
     D:2: 703 daAuts
